 Dungeon Crawl Stone Soup version 0.31-a0-1236-gaa9e43cceb (webtiles) character file.

Game seed: 6191755051382662528

8159 Nattfarinn the Fighter (level 11, -11/80 HPs)
             Began as a Djinni Necromancer on Dec 15, 2023.
             Was a Priest of Hepliaklqana.
             Mangled by Rupert
             ... wielding a +4 vampiric great sword
              (28 damage)
             ... on level 12 of the Dungeon.
             The game lasted 00:38:25 (10800 turns).

Nattfarinn the Fighter (Djinni Necromancer)        Turns: 10800, Time: 00:38:26

Health: -11/80     AC: 11    Str: 13    XL:     11   Next: 50%
Gold:   510        EV: 12    Int: 17    God:    Hepliaklqana [***...] SH:  0 Dex: 12

rFire   + + .        r - +3 hand axe (elec)
rCold   . . .        (no shield)
rNeg    + . .        D - +1 robe of Enuomot {rElec Slay+3}
rPois   ∞            T - +0 helmet
rElec   +            C - +2 cloak
rCorr   +            x - +2 pair of gloves
SInv    +            (boots unavailable)
Will    .....        (no amulet)
Stlth   ++           k - ring of wizardry
HPRegen 0.33/turn    t - ring "Kaomeic" {rC+ rN+ rCorr SInv}
MPRegen 0.00/turn

%: wizardry (x1), infuse magic (-12 HP)
@: weak-willed, flying
A: reduced essence, sickness immunity, fire resistance 2, cold vulnerability 1,
float, innate caster, HP casting, extra vitality 1, dopey 1, strong 1
a: Renounce Religion, Recall Ancestor, Ancestor Identity, Transference


You were on level 12 of the Dungeon.
You worshipped Hepliaklqana.
Hepliaklqana was most pleased with you.
You visited 2 branches of the dungeon, and saw 12 of its levels.

You collected 510 gold pieces.

Inventory:

Hand Weapons
 c - a +0 spear
 e - a +1 hand axe of venom
 m - a +0 whip of electrocution
 r - a +3 hand axe of electrocution (weapon)
Missiles
 F - a throwing net
Armour
 a - a +0 robe
 u - a +1 scale mail of cold resistance
 x - a +2 pair of gloves (worn)
 C - a +2 cloak (worn)
 D - the +1 robe of Enuomot (worn) {rElec Slay+3}
   (You found it on level 6 of the Dungeon)

   Slay+3:    It affects your accuracy & damage with ranged weapons and melee
   (+3).
   rElec:     It insulates you from electricity.
 J - +0 steam dragon scales
 T - a +0 helmet (worn)
Magical Staves
 q - a staff of earth
Jewellery
 g - a +5 ring of evasion
 k - a ring of wizardry (left hand)
 l - a ring of willpower
 t - the ring "Kaomeic" (right hand) {rC+ rN+ rCorr SInv}
   (You found it on level 4 of the Dungeon)

   [ring of protection from cold]

   rC+:       It protects you from cold.
   rN+:       It protects you from negative energy.
   SInv:      It lets you see invisible.
   rCorr:     It protects you from acid and corrosion.
 L - a +6 ring of strength
 O - a +4 ring of protection
Talismans
 b - a serpent talisman
Wands
 i - a wand of flame (8)
 n - a wand of charming (14)
 H - a wand of digging (4)
 Q - a wand of acid (11)
Scrolls
 j - a scroll of amnesia
 p - a scroll of brand weapon
 y - 3 scrolls of torment
 B - 2 scrolls of noise
 N - 2 scrolls of fog
 P - a scroll of teleportation
Potions
 d - 4 potions of mutation
 f - 2 potions of invisibility {unknown}
 h - a potion of magic {unknown}
 o - 2 potions of lignification {unknown}
 s - 2 potions of attraction {unknown}
 v - a potion of resistance {unknown}
 z - 3 potions of enlightenment {unknown}
 A - a potion of degeneration {unknown}
 G - a potion of curing {unknown}
 I - a potion of ambrosia {unknown}
 K - a potion of haste {unknown}
 M - a potion of berserk rage {unknown}
 R - a potion of brilliance {unknown}


   Skills:
 + Level 12.1 Fighting
 - Level 8.1 Armour
 - Level 2.1 Dodging
 - Level 1.5 Stealth
 - Level 7.5 Spellcasting
 - Level 7.5 Conjurations
 - Level 7.5 Hexes
 - Level 7.5 Summonings
 - Level 7.5 Necromancy
 - Level 7.5 Translocations
 - Level 7.5 Transmutations
 - Level 7.5 Fire Magic
 - Level 7.5 Ice Magic
 - Level 7.5 Air Magic
 - Level 7.5 Earth Magic
 - Level 7.5 Poison Magic


You knew the following spells:

 Your Spells              Type           Power      Damage    Failure   Level
a - Necrotise             Necr           100%       1d9       1%          1
b - Vampiric Draining     Necr           32%        2d8       1%          3
c - Animate Dead          Necr           32%        N/A       1%          4
d - Agony                 Necr           32%        N/A       6%          5
e - Sting                 Tmut/Pois      100%       1d8       1%          1
f - Call Imp              Summ           64%        N/A       1%          2
g - Gell's Gravitas       Tloc           32%        N/A       1%          3
h - Flame Wave            Conj/Fire      32%        2d9       1%          4
i - Fulminant Prism       Conj/Hex       16%        3d10      1%          4
Your spell library was empty.

Dungeon Overview and Level Annotations

Branches:
Dungeon (10/15)            Temple (1/1) D:4            Lair (0/5) D:9
    Orc (0/2) D:9

Altars:
Ashenzari
Cheibriados
Dithmenos
Elyvilon
Fedhas
Gozag
Hepliaklqana
Makhleb
Nemelex Xobeh
Okawaru
Qazlal
Ru
Trog
Uskayaw
Wu Jian
Xom
Yredelemnul
Zin
The Shining One

Annotations:
D:12 Rupert


Innate Abilities, Weirdness & Mutations

Your life essence is reduced to manifest your ancestor. (-10% HP)
You are immune to sickness and miasma.
You are immune to poison.
Your flesh is very heat resistant. (rF++)
You are vulnerable to cold. (rC-)
You float through the air rather than walking.
You learn spells naturally, not from books.
Your magical power is your life essence.
You have superior vitality. (+4 MHP)
You are dopey. (Int -2)
Your muscles are strong. (Str +4, Int/Dex -1)


Message History

Casting: Call Imp (safe; 1% risk of failure)
Confirm with . or Enter, or press ? or * to list all spells.
Aiming: Fulminant Prism (dangerous; 1% risk of failure)
Press: ? - help, Dir - move target You conjure a prism of explosive energy!
A fulminant prism comes into view.
Casting: Fulminant Prism (dangerous; 1% risk of failure)
Confirm with . or Enter, or press ? or * to list all spells.
You can't see any susceptible monsters within range! (Use Z to cast anyway.)
Your fulminant prism crackles loudly.
Unknown command.
Your cerulean imp hits Rupert with a -1 spear.
Rupert roars madly and goes into a rage!
Rupert goes berserk!
Your fulminant prism explodes!
The blast of energy engulfs Rupert!
Rupert is lightly wounded.
The blast of energy engulfs your cerulean imp!
Your cerulean imp is severely wounded.
Your cerulean imp disappears in a puff of smoke!
You hear a horrible gurgling sound!
Publia barely misses Rupert.
Casting: Fulminant Prism (dangerous; 1% risk of failure)
Confirm with . or Enter, or press ? or * to list all spells.
Aiming: Sting (safe; 1% risk of failure)
Press: ? - help, Shift-Dir - straight line, f - Rupert
Aim: Rupert, wielding a +4 vampiric great sword and wearing a +2 chain mail of cold resistance (lightly wounded, berserk, ally target, 84% to hit)
The sting hits Rupert.
Rupert is poisoned.
Rupert is lightly wounded.
Rupert hits you with a +4 vampiric great sword!!!
Ouch! That really hurt!
As you read the scroll labelled YDUFOYSCHAG, it crumbles to dust.
Magic quickly surges around you.
It was a scroll of vulnerability.
Rupert hits you with a +4 vampiric great sword!
* * * LOW HITPOINT WARNING * * *
As you read the scroll labelled ARAVVI SIORGH, it crumbles to dust.
You assume a fearsome visage.
Rupert is unaffected.
It was a scroll of fear.
Rupert hits you with a +4 vampiric great sword!!
You die...
Rupert roars with triumph.

.........##.###.......#..##
.##................##.....#
#......###.......##.....#
#......###.......###...###
##.......###.#.....#.....##
#.......##..#.##.###.....##
..#..............# #......#
...#.#..........#..##.....##
.##.###........@.##........#
... #.).....@..####....###
#.# #.).....R..##......##
)).....?................
.................##......
...................###..#...
........##.#.........#.###.#
.........#.#..........## ##
...........###


You could see the friendly Publia the knight (weak-willed) and Rupert (berserk,
poisoned, weak-willed, ally target).

Vanquished Creatures
  A centaur warrior (D:12)
  Maurice (D:7)
  The ghost of Bizboz the Magician, a novice DjVM of Qazlal (D:6)
  Maggie (D:9)
  A kobold demonologist (D:7)
  A troll (D:9)
  2 yaks (D:9)
  Eustachio (D:8)
  A steam dragon (D:9)
  A water moccasin (D:7)
  4 orc warriors
  An ice beast (D:6)
  A sky beast (D:8)
  2 centaurs
  2 phantoms
  A bullfrog (D:6)
  A gnoll sergeant (D:8)
  A scorpion (D:4)
  4 wights
  9 killer bees (D:9)
  5 electric eels
  A howler monkey (D:8)
  A crimson imp (D:8)
  7 hounds
  3 orc priests
  2 jellies
  Crazy Yiuf (D:5)
  An iguana (D:7)
  Natasha (thrice) (D:3)
  Terence (D:3)
  7 orc wizards
  A gnoll (D:1)
  10 adders
  2 white imps
  A worm (D:4)
  A dart slug (D:1)
  29 orcs
  11 bats
  17 endoplasms
  4 giant cockroaches
  6 goblins
  6 hobgoblins
  A quokka (D:2)
  9 ball pythons
  3 frilled lizards
  12 kobolds
  5 rats
187 creatures vanquished.

Vanquished Creatures (collateral kills)
  A two-headed ogre (D:8)
  Prince Ribbit (D:7)
  A wyvern (D:9)
  A yak (D:9)
  A steam dragon (D:7)
  A water moccasin (D:9)
  A black bear (D:6)
  An orc warrior (D:8)
  3 sky beasts
  2 ogres
  A wolf (D:9)
  A centaur (D:5)
  Blork the orc (D:5)
  2 bullfrogs
  4 wights
  A howler monkey (D:8)
  An orc priest (D:7)
  A jelly (D:5)
  2 orc wizards
  4 white imps
  A dart slug (D:4)
  11 orcs
  A bat (D:2)
  An endoplasm (D:1)
  A hobgoblin (D:2)
  A kobold (D:1)
  A ball python (D:1)
48 creatures vanquished.

Vanquished Creatures (others)
  4 knights
  2 ancestors (D:5)
  2 fulminant prisms (D:12)
8 creatures vanquished.

Grand Total: 243 creatures vanquished

Notes
Turn   | Place    | Note
-------+----------+-------------------------------------------
     0 | D:1      | Nattfarinn the Djinni Necromancer began the quest for the
                  | Orb.
     0 | D:1      | Nattfarinn set off with the following spells memorised:
                  | Necrotise, Vampiric Draining, Animate Dead, Agony.
     0 | D:1      | Reached XP level 1. HP: 15/15 MP: 0/0
    44 | D:1      | Reached XP level 2. HP: 17/21 MP: 0/0
   203 | D:1      | Reached XP level 3. HP: 24/25 MP: 0/0
   203 | D:1      | Learned a level 1 spell: Sting
   872 | D:2      | Reached XP level 4. HP: 23/31 MP: 0/0
  1313 | D:2      | Reached XP level 5. HP: 20/35 MP: 0/0
  1313 | D:2      | Learned a level 2 spell: Call Imp
  1405 | D:2      | Found a shimmering altar of Xom.
  1405 | D:2      | Found a blossoming altar of Fedhas.
  1405 | D:2      | Found an iron altar of Okawaru.
  1405 | D:2      | Found a sacrificial altar of Ru.
  1405 | D:2      | Found an ornate altar of the Wu Jian Council.
  1572 | D:2      | Reached skill level 5 in Spellcasting
  1572 | D:2      | Reached skill level 5 in Conjurations
  1572 | D:2      | Reached skill level 5 in Hexes
  1572 | D:2      | Reached skill level 5 in Summonings
  1572 | D:2      | Reached skill level 5 in Necromancy
  1572 | D:2      | Reached skill level 5 in Translocations
  1572 | D:2      | Reached skill level 5 in Transmutations
  1572 | D:2      | Reached skill level 5 in Fire Magic
  1572 | D:2      | Reached skill level 5 in Ice Magic
  1572 | D:2      | Reached skill level 5 in Air Magic
  1572 | D:2      | Reached skill level 5 in Earth Magic
  1572 | D:2      | Reached skill level 5 in Poison Magic
  1915 | D:3      | Noticed Natasha
  1920 | D:3      | Killed Natasha
  1959 | D:3      | Noticed Natasha
  1966 | D:3      | Killed Natasha
  1967 | D:3      | Reached XP level 6. HP: 21/40 MP: 0/0
  2157 | D:3      | Noticed Natasha
  2164 | D:3      | Killed Natasha
  2334 | D:3      | Noticed Terence
  2345 | D:3      | Killed Terence
  2728 | D:3      | Found an ornate altar of the Wu Jian Council.
  2728 | D:3      | Found a sacrificial altar of Ru.
  2936 | D:4      | Reached skill level 1 in Armour
  2981 | D:4      | Found a staircase to the Ecumenical Temple.
  2988 | Temple   | Entered the Ecumenical Temple
  2996 | Temple   | Became a worshipper of Hepliaklqana the Forgotten
  3014 | D:4      | Reached skill level 1 in Fighting
  3066 | D:4      | Reached XP level 7. HP: 45/47 MP: 0/0
  3066 | D:4      | Learned a level 3 spell: Gell's Gravitas
  3470 | D:4      | Reached skill level 2 in Fighting
  3600 | D:4      | Identified the ring "Kaomeic" {rC+ rN+ rCorr SInv}
  3678 | D:4      | Reached * piety under Hepliaklqana
  3906 | D:5      | Entered Level 5 of the Dungeon
  3906 | D:5      | Noticed Blork the orc
  3912 | D:5      | Killed Blork the orc
  4045 | D:5      | Found a runed translucent door.
  4046 | D:5      | Noticed Crazy Yiuf
  4237 | D:5      | Reached skill level 3 in Fighting
  4237 | D:5      | Reached XP level 8. HP: 31/50 MP: 0/0
  4473 | D:5      | Reached skill level 5 in Armour
  5279 | D:5      | Paralysed by Crazy Yiuf for 1 turns
  5292 | D:5      | Killed Crazy Yiuf
  5528 | D:6      | Reached skill level 4 in Fighting
  5626 | D:6      | Identified the +1 robe of Enuomot {rElec Slay+3}
  5793 | D:6      | Reached XP level 9. HP: 32/56 MP: 0/0
  5793 | D:6      | Learned a level 4 spell: Flame Wave
  5919 | D:6      | Reached ** piety under Hepliaklqana
  5920 | D:6      | Remembered your ancestor Publia as a knight
  6074 | D:6      | Reached skill level 5 in Fighting
  6234 | D:6      | Found a runed translucent door.
  6234 | D:6      | Noticed Bizboz's ghost (novice DjVM)
  6548 | D:6      | Killed Bizboz's ghost
  6786 | D:7      | Noticed Prince Ribbit
  6799 | D:7      | Killed Prince Ribbit
  7033 | D:7      | Reached XP level 10. HP: 13/63 MP: 0/0
  7205 | D:7      | Noticed a kobold demonologist
  7220 | D:7      | Noticed an ice devil
  7225 | D:7      | Killed a kobold demonologist
  7294 | D:7      | Noticed Maurice
  7300 | D:7      | Reached skill level 6 in Fighting
  7302 | D:7      | Maurice stole a staff of earth
  7303 | D:7      | Maurice stole a serpent talisman
  7309 | D:7      | Killed Maurice
  7310 | D:7      | Reached skill level 7 in Fighting
  7744 | D:8      | Found a snail-covered altar of Cheibriados.
  7745 | D:8      | Found an opulent altar of Gozag.
  7921 | D:8      | Noticed Eustachio
  7925 | D:8      | Killed Eustachio
  7927 | D:8      | Reached skill level 8 in Fighting
  8351 | D:8      | Found a burning altar of Makhleb.
  8386 | D:8      | Reached *** piety under Hepliaklqana
  8635 | D:8      | Noticed a two-headed ogre
  8648 | D:8      | Killed a two-headed ogre
  8649 | D:8      | Reached skill level 9 in Fighting
  9050 | D:9      | Noticed Maggie
  9066 | D:9      | Killed Maggie
  9067 | D:9      | Reached skill level 10 in Fighting
  9067 | D:9      | Reached XP level 11. HP: 63/76 MP: 0/0
  9067 | D:9      | Learned a level 4 spell: Fulminant Prism
  9206 | D:9      | Found a staircase to the Lair.
  9462 | D:9      | Reached skill level 11 in Fighting
  9800 | D:9      | Found a staircase to the Orcish Mines.
 10180 | D:9      | Found a hide-covered altar of Uskayaw.
 10293 | D:10     | Entered Level 10 of the Dungeon
 10300 | D:10     | You are sucked into a shaft and drop 2 floors!
 10324 | D:12     | Noticed a centaur warrior
 10336 | D:12     | Killed a centaur warrior
 10336 | D:12     | Noticed a two-headed ogre
 10337 | D:12     | Reached skill level 12 in Fighting
 10338 | D:12     | Gained mutation: You are dopey. (Int -2) [potion of
                  | mutation]
 10338 | D:12     | Gained mutation: Your muscles are strong. (Str +4, Int/Dex
                  | -1) [potion of mutation]
 10340 | D:12     | HP: 3/80 [orc warrior/boomerang (4)]
 10792 | D:12     | Noticed Rupert
 10800 | D:12     | Mangled by Rupert

Illustrated notes

Levels and vault maps discovered:
D:1:      heliophobic_arrival_ceremonial_halls, layout_basic
D:2:      cheibrodos_fertilizer, layout_loops_ring, minmay_misc_feat_chi
D:3:      layout_loops_ring, gammafunk_temple_overflow_wave, serial_rivers,
          chequers_serial_rivers_large_b, chequers_serial_rivers_marsh,
          chequers_serial_rivers_micro_c, chequers_serial_rivers_room_b,
          chequers_serial_rivers_micro_d, chequers_serial_rivers_marsh,
          uniq_terence, uniq_natasha
D:4:      layout_basic, temple_statues, serial_park_tiny_2, minivault_23,
          grunt_ministairs_11, grunt_tough_drop
D:5:      layout_loops_corners, minmay_misc_feat_tower, uniq_crazy_yiuf_cottage,
          uniq_blork_the_orc
D:6:      layout_cave_pods, gammafunk_ghost_grave
D:7:      layout_rooms, uniq_maurice, uniq_prince_ribbit1
D:8:      layout_loops_ring, makhleb_grotto_becter,
          nicolae_overflow_two_pavilions, sword_in_stone
D:9:      layout_loops_ring, mainiacjoe_overflow_chevrons, erik_lair_island,
          orc_0_dummy, uniq_maggie
D:10:     layout_small_grid, serial_library_hellmonk_big_corner,
          minmay_lindwurm_lava
D:12:     layout_cave_pools, wad_mini_maze, uniq_rupert
Temple:   nicolae_temple_x_marks_the_god

Skill      XL: |  1  2  3  4  5  6  7  8  9 10 11 |
---------------+----------------------------------+-----
Spellcasting   | 4 5 7 |  7.5
Conjurations   | 4 5 7 |  7.5
Hexes          | 4 5 7 |  7.5
Summonings     | 4 5 7 |  7.5
Necromancy     | 4 5 7 |  7.5
Translocations | 4 5 7 |  7.5
Transmutations | 4 5 7 |  7.5
Fire Magic     | 4 5 7 |  7.5
Ice Magic      | 4 5 7 |  7.5
Air Magic      | 4 5 7 |  7.5
Earth Magic    | 4 5 7 |  7.5
Poison Magic   | 4 5 7 |  7.5
Armour         | 2 4 6 8 |  8.1
Fighting       | 1 3 4 5 10 12 | 12.1
Dodging        | |  2.1
Stealth        | |  1.5

Action                     |  1- 3 |  4- 6 |  7- 9 | 10-12 || total
---------------------------+-------+-------+-------+-------++-------
  Melee: Spear             |    17 |    34 |       |       ||    51
         Whip              |       |    11 |       |       ||    11
         Hand axe          |       |    27 |   153 |   113 ||   293
         Punch             |       |       |     1 |     2 ||     3
   Cast: Necrotise         |    33 |    21 |       |     2 ||    56
         Vampiric Draining |     3 |    20 |     1 |     2 ||    26
         Sting             |       |    42 |    33 |    34 ||   109
         Call Imp          |       |     2 |    16 |     7 ||    25
         Gell's Gravitas   |       |       |    11 |    31 ||    42
         Flame Wave        |       |       |       |     5 ||     5
         Fulminant Prism   |       |       |       |     2 ||     2
 Invoke: Ancestor Identity |       |       |     1 |       ||     1
         Ancestor Life: Kn |       |       |     1 |       ||     1
         Recall Ancestor   |       |       |       |     1 ||     1
    Use: Scroll            |       |     8 |     3 |     6 ||    17
         Potion            |       |       |     2 |     2 ||     4
   Stab: Sleeping          |       |     1 |       |     1 ||     2
         Distracted        |       |       |     1 |       ||     1
 Armour: Robe              |    15 |    30 |       |   149 ||   194
         Scale mail        |       |     7 |   187 |    12 ||   206
  Dodge: Dodged            |    10 |    89 |    83 |   112 ||   294

Table legend: (Time is in decaauts)
 A = Elapsed time spent in this place.
 B = Non-inter-level travel time spent in this place.
 C = Inter-level travel time spent in this place.
 D = Time resting spent in this place.
 E = Time spent auto-exploring this place.
 F = Levels seen in this place.
 G = Mean time per level.
                   A        B        C        D        E       F      G
               +--------+--------+--------+--------+--------+-----+--------+
         Total |  10875 |  10486 |    389 |    624 |   8172 |  12 |  906.2 |
       Dungeon |  10858 |  10476 |    382 |    624 |   8172 |  11 |  987.1 |
        Temple |     16 |      9 |      7 |      0 |      0 |   1 |   16.0 |
               +--------+--------+--------+--------+--------+-----+--------+

Top non-repeatable levels by time:
     D:5: 1575 daAuts
     D:9: 1387 daAuts
     D:7: 1272 daAuts
     D:6: 1186 daAuts
     D:4: 1077 daAuts
     D:2: 1048 daAuts
     D:8: 1018 daAuts
     D:3: 920 daAuts
     D:1: 865 daAuts
    D:12: 500 daAuts
  Temple: 16 daAuts
    D:10: 6 daAuts
